Description

Build for myself

VOD

https://www.youtube.com/watch?v=X0-KjVns8vw&ab_channel=Harstem

Replay - Harstems PvT 2 DT opener

Build Order

Get SALT Encoding   

  12  0:00  Probe  
  13  0:12  Probe  
  14  0:18  Pylon  
  14  0:24  Probe (Chrono Boost)  
  15  0:36  Probe (Chrono Boost)  
  15  0:38  Gateway  
  16  0:45  Probe (Chrono Boost)  
  16  0:47  Assimilator  
  17  0:51  Probe  
  18  1:03  Probe  
  19  1:15  Probe  
  20  1:26  Cybernetics Core  
  20  1:34  Nexus  
  20  1:42  Pylon  
  20  1:44  Probe  
  21  1:52  Assimilator  
  21  1:57  Probe  
  21  1:59  Adept (Chrono Boost)  
  22  2:03  Warp Gate  
  25  2:19  Twilight Council  
  26  2:23  Adept (Chrono Boost)  
  31  2:55  Gateway  
  31  2:57  Dark Shrine  
  34  3:09  Adept  
  41  3:40  Pylon x2  
  44  3:52  Stalker x2  
  46  3:57  Nexus  
  48  4:16  Robotics Facility  
  49  4:17  Dark Templar  
  49  4:24  Dark Templar  
  55  4:28  Assimilator  
  55  4:30  Pylon  
  57  4:43  Charge (Chrono Boost)  
  59  4:46  Gateway  
  60  4:53  Forge  
  62  5:04  Observer (Chrono Boost)  
  64  5:08  Sentry  
  64  5:09  Zealot  
  70  5:16  Gateway x3  
  70  5:20  Protoss Ground Armor Level 1 (Chrono Boost)  
  70  5:34  Gateway x2  
  72  5:36  Sentry  
  72  5:38  Zealot  
  77  5:46  Zealot  
  81  5:54  Immortal (Chrono Boost)  
  87  6:04  Zealot x2  
  93  6:13  Zealot x2  
  97  6:20  Zealot x3  
  102  6:32  Observer (Chrono Boost)  
  117  6:49  Warp Prism (Chrono Boost)  
  122  7:00  Sentry  
  124  7:13  Stalker x5  
  124  7:15  Sentry  
Spawning Tool Build Advisor. Get it on Overwolf

Analysis

Terrans watch out

Go to:

Details

  • Created by: kerimovich
  • Published on: Nov 24, 2020
  • Modified on: Nov 24, 2020
  • Patch: 4.11.0
  • Difficulty: Medium
Show
View Real Time Build Order
Export as new Build Order

Comments (0)

There are no comments. Be the first!

Create an account to comment!